 Dungeon Crawl Stone Soup version 0.15-a0-1506-g1b030bc (webtiles) character file.

272674 Whismerhil the Slayer (level 20, -15/133 HPs)
             Began as a Gargoyle Fighter on June 12, 2014.
             Was a High Priest of Qazlal.
             Killed from afar by a Hell Sentinel (24 damage)
             ... with a blast of hellfire
             ... on Level 1 of the Abyss on June 15, 2014.
             The game lasted 05:25:56 (50467 turns).

Whismerhil the Slayer (Gargoyle Fighter)           Turns: 50467, Time: 05:25:57

HP -15/133       AC 43     Str 24      XL: 20   Next: 67%
MP  35/35        EV 12     Int 14      God: Qazlal [*****.]
Gold 2043        SH 21     Dex 10      Spells:  1 memorised, 17 levels left

rFire  . . .     SeeInvis +     B - +3,+0 morningstar (holy)
rCold  + . .     Clarity  .     u - +5 scale mail "Feilyor" {rPois MR++ SInv}
rNeg   + . .     rCorr    .     c - +0 shield
rPois  +         rRot     +     s - +1 helmet
rElec  +         Spirit   .     I - +0 cloak
SustAb .         Warding  .     K - +1 pair of gloves
rMut   +         Stasis   .     X - +2 pair of boots "Ytsuf" {Int+3}
Gourm  .                        E - amulet of resist mutation
MR     +++..                    P - +3 ring of evasion
                                J - ring "Blaq" {AC+3 Slay+2}

@: about to teleport, flying, repel missiles, extremely resistant to hostile
enchantments, extremely unstealthy
A: able to fly continuously, large and strong wings, blurry vision 1, cold
resistance 1, dopey 1, frail 1, life protection 1, sense surroundings 1,
electricity resistance, slow healing 1, unbreathing, petrification resistance,
rot immunity, AC +15
a: Stop Flying, Upheaval, Elemental Force, Disaster Area, Renounce Religion
}: 1/15 runes: barnacled


You were on level 1 of the Abyss.
You worshipped Qazlal.
Qazlal was extremely pleased with you.
You were not hungry.

You visited 8 branches of the dungeon, and saw 40 of its levels.
You visited the Abyss 1 time.
You also visited: Sewer, Volcano and Wizlab.

You collected 3811 gold pieces.
You spent 1768 gold pieces at shops.

Inventory:

Hand weapons
 B - a +3,+0 morningstar of holy wrath (weapon)
 R - a +2,+0 whip of freezing
 Z - the +2,+0 morningstar of Intimidation {venom, -Cast Dex+1 SInv}
   (You found it on level 3 of the Elven Halls)

   It poisons the flesh of those it strikes.
   It affects your dexterity (+1).
   It enhances your eyesight.
   It prevents spellcasting.
Armour
 b - a +2 plate armour of positive energy
 c - a +0 shield (worn)
 s - a +1 helmet (worn)
 u - the +5 scale mail "Feilyor" (worn) {rPois MR++ SInv}
   (You took it off a deep elf priest on level 2 of the Elven Halls)

   It protects you from poison.
   It affects your resistance to hostile enchantments.
   It enhances your eyesight.
 I - a +0 cloak (worn)
 K - a +1 pair of gloves (worn)
 X - the +2 pair of boots "Ytsuf" (worn) {Int+3}
   (You bought it in a shop on level 1 of the Vaults)

   It affects your intelligence (+3).
Magical devices
 f - a wand of fire (8)
 i - a wand of cold (5)
 r - a wand of heal wounds (0)
 z - a wand of draining (5)
 A - a wand of lightning (6)
 L - a wand of hasting (4)
 T - a wand of digging (7)
 Y - a wand of teleportation (3)
Comestibles
 k - 18 fruits
 l - a bread ration
 W - 4 royal jellies
Scrolls
 h - 7 scrolls of remove curse
 n - 3 scrolls of teleportation
 p - 3 scrolls of fear
 v - 2 scrolls of identify
 D - 3 scrolls of magic mapping
 F - 3 scrolls of vulnerability
 G - 5 scrolls of fog
 N - a scroll of blinking
Jewellery
 d - an uncursed amulet of guardian spirit
 x - the ring "Geff" {+Fly rPois rN+ MR+ Int+2}
   (You took it off a deep elf death mage on level 3 of the Elven Halls)

   [ring of poison resistance]

   It affects your intelligence (+2).
   It protects you from poison.
   It protects you from negative energy.
   It affects your resistance to hostile enchantments.
   It lets you fly.
 y - an uncursed ring of see invisible
 E - an amulet of resist mutation (around neck)
 J - the ring "Blaq" (left hand) {AC+3 Slay+2}
   (You took it off a deep elf demonologist on level 3 of the Elven Halls)

   [ring of protection]

   It affects your AC (+3).
   It affects your accuracy and damage with ranged weapons and melee attacks
   (+2).
 P - a +3 ring of evasion (right hand)
Potions
 a - 4 potions of curing
 e - 3 potions of might
 g - a potion of magic
 m - 3 potions of resistance
 o - 3 potions of agility
 t - a potion of haste
 w - a potion of berserk rage
 M - a potion of porridge


   Skills:
 - Level 23.0 Fighting
 - Level 16.0 Maces & Flails
 - Level 14.0 Armour
 * Level 15.5 Shields
 - Level 15.0 Invocations
 - Level 4.0 Evocations


You had 17 spell levels left.
You knew the following spells:

 Your Spells              Type           Power        Failure   Level  Hunger
a - Blink                 Tloc           N/A          65%         2    ###....


Dungeon Overview and Level Annotations

Branches:
Dungeon (15/15)            Temple (0/1) D:7             Orc (4/4) D:9
    Elf (3/3) Orc:3          Lair (8/8) D:11         Shoals (5/5) Lair:4
 Spider (3/5) Lair:5        Slime (0/6) Lair:8       Vaults (1/5) D:13
 Depths (1/5) D:15

Altars:
Cheibriados
Elyvilon
Fedhas
Gozag
Okawaru
Qazlal
Sif Muna
Vehumet
Zin
The Shining One
Beogh

Shops:
D:4 (   D:8 [   D:9 =   D:13 *   Orc:1 }   Orc:2 !   Orc:4 ([:[   Elf:3 (
Shoals:3 :   Shoals:4 }   Vaults:1 [

Portals:
Hell: Depths:1
Abyss: Depths:1

Annotations:
Orc:2 mut
Spider:3 Agnes, Mara
Depths:1 exclusion: orange crystal statue


Innate Abilities, Weirdness & Mutations

You are resistant to torment.
You are immune to poison.
You can fly continuously.
Your stone body is very resilient (AC +15).
Your wings are large and strong.
You resist negative energy.
You are resistant to electric shocks.
You can survive without breathing.
You are immune to petrification.
You are immune to rotting.
Your flesh is cold resistant.
You passively map a small area around you.
[Your vision is a little blurry.]
[You are dopey. (Int -2)]
[You are frail (-10% HP).]
[You heal slowly when monsters are visible.]


Message History

The Hell Sentinel hits you but does no damage.
You block the Hell Sentinel's attack.
You are struck by the Hell Sentinel's spines.
* * * LOW HITPOINT WARNING * * *
You impale the Hell Sentinel!!
The Hell Sentinel convulses!
The Hell Sentinel is heavily wounded.
You block the Hell Sentinel's attack. x2
Evoke which item? (* to show all) (? for menu, Esc to quit)
Zapping:
r - a wand of heal wounds {zapped: 1}
Press: ? - help, Shift-Dir - straight line, f - you You feel much better.
The Hell Sentinel hits you!!
* * * LOW HITPOINT WARNING * * *
You block the Hell Sentinel's attack.
Evoke which item? (* to show all) (? for menu, Esc to quit)
Zapping:
r - a wand of heal wounds {zapped: 2}
Press: ? - help, Shift-Dir - straight line, f - you Nothing appears to happen.
The Hell Sentinel gestures at you.
The hellfire explodes!
The blast of hellfire engulfs you!
You die...

######
..##1##
#@# ###


You could see a Hell Sentinel.

Vanquished Creatures
  A deep elf blademaster (Elf:3)
  2 tentacled starspawn (Abyss:1)
  A deep elf master archer (Elf:3)
  A sphinx (Vaults:1)
  A kraken (Shoals:2)
  Kirke (Shoals:1)
  Ilsuiw (Shoals:5)
  A fire giant (Depths:1)
  3 draconian monks (WizLab)
  A ghost moth (Spider:2)
  An orc warlord (Orc:3)
  2 deep elf sorcerers (Elf:3)
  Aizul (Spider:2)
  An emperor scorpion (Depths:1)
  6 deep elf demonologists
  2 stone giants (Depths:1)
  A lorocyproca (Elf:3)
  3 deep elf annihilators
  6 dire elephants
  7 deep elf death magi
  A crystal guardian (D:12)
  3 merfolk javelineers (Shoals:5)
  An ettin (Depths:1)
  9 merfolk impalers
  An orange crystal statue (WizLab)
  2 deep elf high priests (Elf:3)
  A rakshasa (Depths:1)
  4 hydras
  An ironheart preserver (Vaults:1)
  A great orb of eyes (Vaults:1)
  2 ice dragons
  4 ogre magi
  2 large abominations
  A ravenous feature mimic (Shoals:3)
  6 monstrous demonspawn (WizLab)
  An anaconda (Lair:8)
  6 merfolk aquamancers (Shoals:5)
  A ravenous item mimic (Lair:7)
  The ghost of lennard the Covert, a powerful SpEn of Ashenzari (D:13)
  A deep troll shaman (Depths:1)
  3 satyrs
  15 death yaks
  4 spectral elves
  4 tengu warriors
  2 orc high priests (Orc:4)
  5 centaur warriors
  2 hell hogs (Depths:1)
  A thrashing horror (Abyss:1)
  Urug (Elf:1)
  20 deep elf knights
  A wretched star (Abyss:1)
  2 unseen horrors
  13 sea snakes
  6 water nymphs
  A swamp dragon (shapeshifter) (D:13)
  5 orb spiders
  9 deep elf summoners
  6 deep trolls (WizLab)
  5 hill giants
  A necromancer (Vaults:1)
  Joseph (Orc:1)
  An ironbrand convoker (Vaults:1)
  7 fauns
  3 orc knights
  35 harpies
  5 wizards
  15 deep elf conjurers
  4 griffons
  14 mermaids
  10 wolf spiders
  A salamander (D:15)
  2 red wasps (Spider:2)
  5 cyclopes
  An octopode (shapeshifter) (D:13)
  Maurice (D:8)
  8 elephants
  3 black mambas
  17 manticores
  2 smoke demons (Abyss:1)
  A vault sentinel (Vaults:1)
  14 spiny frogs
  A spiny frog (shapeshifter) (D:15)
  3 gargoyles
  An iron devil (Elf:3)
  A centaur zombie (D:13)
  6 demonic crawlers
  4 feature mimics
  5 komodo dragons
  4 small abominations
  A blue devil (Elf:3)
  A kobold demonologist (D:15)
  A yaktaur skeleton (Vaults:1)
  An ancient zyme (Abyss:1)
  9 yaktaurs
  3 fire drakes
  A jumping spider (shapeshifter) (Elf:3)
  7 trolls
  9 deep elf priests
  A merfolk (shapeshifter) (D:13)
  5 two-headed ogres
  15 jumping spiders
  A polar bear (Lair:8)
  31 merfolk
  11 ravens
  12 blink frogs
  2 wind drakes
  A centaur skeleton (D:14)
  A hydra skeleton (D:15)
  A queen bee (D:8)
  A blink frog (shapeshifter) (Depths:1)
  A boulder beetle (Lair:7)
  11 slime creatures
  A human simulacrum (Vaults:1)
  A basilisk (Lair:5)
  3 wyverns
  2 air elementals
  A wraith (Vaults:1)
  6 snapping turtles
  14 trapdoor spiders
  30 redbacks
  29 sharks
  A yak (shapeshifter) (D:13)
  A ynoxinul (Abyss:1)
  4 shadows
  2 starcursed masses (Abyss:1)
  45 yaks
  28 deep elf magi
  A hill giant zombie (D:13)
  13 water elementals
  A griffon skeleton (D:15)
  A spriggan (shapeshifter) (Elf:1)
  2 vampires
  19 tarantellas
  3 hogs (Shoals:1)
  A fire elemental (Elf:3)
  28 ugly things
  A neqoxec (Elf:3)
  12 hippogriffs
  A hungry ghost (D:15)
  16 deep elf fighters
  A vampire mosquito (Elf:3)
  A chaos spawn (Abyss:1)
  A soldier ant (D:14)
  4 wargs
  A mottled dragon (Vaults:1)
  34 orc warriors
  14 porcupines
  9 ice beasts
  2 phantoms
  Purgy (Sewer)
  2 yellow wasps
  9 hell hounds (Depths:1)
  A black bear (D:11)
  19 spiders
  7 sky beasts
  17 water moccasins
  An orc zombie (Vaults:1)
  A necrophage (D:13)
  3 boring beetles
  A manticore zombie (D:10)
  24 ogres
  An ogre (shapeshifter) (D:13)
  A big kobold (D:15)
  6 centaurs
  31 giant frogs
  A manticore skeleton (D:12)
  17 crocodiles
  An ogre simulacrum (Vaults:1)
  2 cyclops zombies
  A cyclops skeleton (D:14)
  29 killer bees
  6 scorpions
  A troll zombie (D:15)
  8 electric eels
  An eye of draining (shapeshifter) (Depths:1)
  A hippogriff zombie (D:7)
  11 crimson imps
  A giant frog zombie (D:11)
  2 goliath beetles
  3 jellies
  21 wights
  8 iguanas
  A quasit (Abyss:1)
  12 hounds
  9 big fish
  31 orc priests
  35 orc wizards
  A giant frog skeleton (D:8)
  9 orange rats
  30 sheep
  11 worker ants
  An ogre zombie (D:10)
  A mottled dragon zombie (D:12)
  A mottled dragon skeleton (D:12)
  A hound zombie (D:5)
  A hound skeleton (D:5)
  2 mummies
  A scorpion zombie (D:10)
  30 adders
  11 gnolls
  56 green rats
  A giant mite (D:3)
  6 shadow imps
  4 worms
  5 giant geckos
  An ooze (D:3)
  213 orcs
  8 giant cockroaches
  20 hobgoblins
  12 quokkas
  5 ball pythons
  24 bats
  6 giant newts
  A giant spore (D:15)
  22 goblins
  A hobgoblin skeleton (D:4)
  5 jackals
  A jackal skeleton (D:4)
  21 kobolds
  2 orc skeletons (D:4)
  15 rats
  8 ballistomycetes
  A butterfly (Lair:5)
  3 crawling corpses
  100 fungi
  86 plants
  A starspawn tentacle (Abyss:1)
  2 tentacles (Shoals:2)
1891 creatures vanquished.

Vanquished Creatures (collateral kills)
  Asterion (Shoals:1)
  A deep elf master archer (Elf:3)
  A deep elf blademaster (Elf:3)
  A rakshasa (Depths:1)
  A dire elephant (D:15)
  An ettin (Depths:1)
  2 harpies (Shoals:1)
  A merfolk (Shoals:1)
  2 air elementals (Depths:1)
  A deep elf mage (Elf:2)
  3 hogs (Shoals:1)
  A jelly (D:15)
  A crawling corpse (Elf:2)
  A tentacle (Shoals:2)
18 creatures vanquished.

Vanquished Creatures (others)
  A deep elf annihilator (Elf:3)
  2 deep elf conjurers (Elf:1)
  A deep elf mage (Elf:3)
  A tarantella (Spider:2)
  6 fire elementals
  9 air elementals
  4 water elementals
  An earth elemental (Shoals:1)
  A killer bee (D:13)
  An iguana (Lair:2)
  An orc (D:14)
  A giant spore (D:12)
  A lurking horror (Abyss:1)
  11 fungi
  10 plants
  4 starspawn tentacles (Abyss:1)
  9 tentacles (Shoals:2)
  170 tentacle segments (Shoals:2)
234 creatures vanquished.

Grand Total: 2143 creatures vanquished

Notes
Turn   | Place    | Note
--------------------------------------------------------------
     0 | D:1      | Whismerhil, the Gargoyle Fighter, began the quest for the Orb.
     0 | D:1      | Reached XP level 1. HP: 14/14 MP: 1/1
   159 | D:1      | Reached XP level 2. HP: 19/19 MP: 2/2
   692 | D:2      | Reached XP level 3. HP: 21/23 MP: 3/3
  1030 | D:2      | Reached skill level 4 in Maces & Flails
  1043 | D:2      | Reached XP level 4. HP: 25/28 MP: 4/4
  1429 | D:2      | Reached skill level 5 in Maces & Flails
  1652 | D:3      | Reached XP level 5. HP: 32/32 MP: 5/5
  2318 | D:3      | Found a white marble altar of Elyvilon.
  2580 | D:4      | Reached skill level 6 in Maces & Flails
  2630 | D:4      | Reached XP level 6. HP: 24/37 MP: 6/6
  2880 | D:4      | Found Coecs' Weapon Emporium.
  3091 | D:4      | Noticed an ogre
  3104 | D:4      | Killed an ogre
  3104 | D:4      | Reached skill level 7 in Maces & Flails
  3277 | D:4      | Reached XP level 7. HP: 35/41 MP: 7/7
  3441 | D:5      | Entered Level 5 of the Dungeon
  3486 | D:5      | Found a glowing drain.
  3537 | Sewer    | Entered a sewer
  3608 | Sewer    | Noticed Purgy
  3627 | Sewer    | Killed Purgy
  3627 | Sewer    | Reached skill level 8 in Maces & Flails
  4041 | D:5      | Found a radiant altar of Vehumet.
  4041 | D:5      | Found a stormy altar of Qazlal.
  4042 | D:5      | Found a blossoming altar of Fedhas.
  4050 | D:5      | Became a worshipper of Qazlal Stormbringer
  4070 | D:5      | Found a deep blue altar of Sif Muna.
  4132 | D:5      | Found a glowing golden altar of the Shining One.
  4359 | D:6      | Reached skill level 9 in Maces & Flails
  4359 | D:6      | Reached XP level 8. HP: 40/46 MP: 8/8
  4909 | D:7      | Reached skill level 5 in Shields
  4967 | D:7      | Found an iron altar of Okawaru.
  5018 | D:7      | Found a snail-covered altar of Cheibriados.
  5213 | D:7      | Acquired Qazlal's first power
  5457 | D:7      | Found a staircase to the Ecumenical Temple.
  5500 | D:7      | Reached skill level 10 in Maces & Flails
  5640 | D:7      | Reached XP level 9. HP: 51/51 MP: 9/9
  6011 | D:8      | Found an opulent altar of Gozag.
  6248 | D:8      | Noticed Maurice
  6248 | D:8      | Paralysed by Maurice for 2 turns
  6276 | D:8      | Paralysed by Maurice for 5 turns
  6432 | D:8      | Found Mnagazieq's Armour Shoppe.
  6444 | D:8      | Acquired Qazlal's second power
  6464 | D:8      | Reached skill level 11 in Maces & Flails
  6938 | D:8      | Found a glowing silver altar of Zin.
  7019 | D:8      | Reached XP level 10. HP: 47/56 MP: 10/10
  7280 | D:8      | Killed Maurice
  7441 | D:9      | Acquired Qazlal's third power
  7480 | D:9      | Found a staircase to the Orcish Mines.
  7553 | D:9      | Reached skill level 12 in Maces & Flails
  7582 | D:9      | Reached skill level 10 in Shields
  7682 | D:9      | Found Twuinum's Jewellery Shop.
  8342 | D:10     | Entered Level 10 of the Dungeon
  8635 | D:9      | Bought an uncursed ring of see invisible for 195 gold pieces
  8723 | D:10     | Acquired Qazlal's fourth power
  8806 | D:10     | Reached XP level 11. HP: 60/60 MP: 11/11
  8889 | D:10     | Noticed an unseen horror
  8899 | D:10     | Killed an unseen horror
  8899 | D:10     | Reached skill level 13 in Maces & Flails
  9117 | D:10     | Upgraded the game from 0.15-a0-1471-g7d01089 to 0.15-a0-1472-ge546950
  9191 | D:11     | Reached skill level 1 in Invocations
  9315 | D:11     | Reached skill level 5 in Fighting
  9413 | D:11     | Acquired Qazlal's fifth power
  9853 | D:11     | Found a staircase to the Lair.
  9943 | D:11     | Reached skill level 14 in Maces & Flails
 10428 | Lair:1   | Entered Level 1 of the Lair of Beasts
 10917 | Lair:1   | Reached skill level 5 in Invocations
 11010 | Lair:1   | Reached XP level 12. HP: 72/72 MP: 20/20
 11305 | Lair:2   | Noticed a six-headed hydra
 11529 | Lair:2   | Killed a six-headed hydra
 12621 | Lair:3   | Noticed a four-headed hydra
 12633 | Lair:3   | Killed a four-headed hydra
 12671 | Lair:3   | Found a staircase to the Shoals.
 12843 | Lair:3   | Reached skill level 10 in Fighting
 12933 | Lair:3   | the staircase to the Shoals was a mimic.
 13230 | Lair:4   | Noticed a six-headed hydra
 13255 | Lair:4   | Killed a six-headed hydra
 13259 | Lair:4   | Reached XP level 13. HP: 65/83 MP: 24/26
 13335 | Lair:4   | Reached skill level 5 in Armour
 13574 | Lair:4   | Found a staircase to the Shoals.
 14161 | Lair:5   | Found a hole to the Spider Nest.
 14381 | Lair:5   | Upgraded the game from 0.15-a0-1472-ge546950 to 0.15-a0-1506-g1b030bc
 15684 | Lair:6   | Gained mutation: Your wings are large and strong. [gargoyle growth]
 15684 | Lair:6   | Reached XP level 14. HP: 86/94 MP: 27/27
 15698 | Lair:6   | Identified a +0 rod of ignition (11/11) (You found it on level 6 of the Lair of Beasts)
 16629 | Lair:7   | Reached skill level 10 in Armour
 16667 | Lair:7   | Found a dark tunnel.
 16676 | Volcano  | Entered a volcano
 17869 | Lair:8   | Entered Level 8 of the Lair of Beasts
 18251 | Lair:8   | Found a staircase to the Slime Pits.
 21143 | Orc:1    | Entered Level 1 of the Orcish Mines
 21635 | Orc:2    | Found Graatz's Distillery.
 22110 | Orc:1    | Noticed Joseph
 22137 | Orc:1    | Killed Joseph
 22155 | Orc:1    | Found Unnueptuda's Gadget Shoppe.
 22266 | Orc:3    | Found a staircase to the Elven Halls.
 22428 | Orc:3    | Reached skill level 15 in Fighting
 23067 | Orc:4    | Entered Level 4 of the Orcish Mines
 23434 | Orc:4    | Reached XP level 15. HP: 96/103 MP: 25/28
 23702 | Orc:4    | Found Pat Uwn's Book Emporium.
 23739 | Orc:4    | Found a roughly hewn altar of Beogh.
 23766 | Orc:4    | Found a roughly hewn altar of Beogh.
 23805 | Orc:4    | Noticed an orc warlord
 23867 | Orc:3    | Killed an orc warlord
 24382 | Orc:4    | Found Eschin's Antique Armour Shoppe.
 24382 | Orc:4    | Found a roughly hewn altar of Beogh.
 24514 | Orc:4    | Found a roughly hewn altar of Beogh.
 24578 | Orc:4    | Found a roughly hewn altar of Beogh.
 24581 | Orc:4    | Found Yllehuz's Weapon Shoppe.
 24632 | Orc:4    | Found a roughly hewn altar of Beogh.
 24791 | Orc:4    | Found a roughly hewn altar of Beogh.
 24794 | Orc:4    | Found Enaerph's Armour Boutique.
 24815 | Orc:4    | Found a roughly hewn altar of Beogh.
 24902 | Orc:4    | Found Adem's Antique Weapon Emporium.
 24915 | Orc:4    | Adem's Antique Weapon Emporium was a mimic.
 24931 | Orc:4    | Bought a shiny plate armour for 575 gold pieces
 25322 | Spider:1 | Entered Level 1 of the Spider Nest
 25347 | Spider:1 | Reached skill level 10 in Invocations
 25653 | Spider:1 | Reached skill level 16 in Fighting
 26779 | Spider:3 | Noticed Mara
 26782 | Spider:3 | Noticed Whismerhil's illusion
 27388 | D:12     | Reached skill level 17 in Fighting
 28351 | D:13     | Noticed lennard's ghost (powerful SpEn)
 28683 | D:13     | Killed lennard's ghost
 28744 | D:13     | Reached XP level 16. HP: 102/112 MP: 27/30
 29080 | D:13     | Found a gate to the Vaults.
 29105 | D:13     | Found Vairaing's Assorted Antiques.
 29119 | D:13     | Bought a silvery potion for 29 gold pieces
 29119 | D:13     | Bought a scroll labeled SUN THISIHYJI for 33 gold pieces
 29119 | D:13     | Bought a sedimented purple potion for 29 gold pieces
 29119 | D:13     | Bought a short wooden wand for 132 gold pieces
 29592 | D:14     | Reached skill level 18 in Fighting
 30074 | D:15     | Entered Level 15 of the Dungeon
 30665 | D:15     | Found a staircase to the Depths.
 31235 | Depths:1 | Entered Level 1 of the Depths
 31431 | Depths:1 | Found a one-way gate to the infinite horrors of the Abyss.
 31522 | Depths:1 | Reached skill level 19 in Fighting
 31569 | Depths:1 | Found a magical portal.
 31594 | WizLab   | Entered Wucad Mu's Monastery
 31974 | WizLab   | Gained mutation: Your flesh is cold resistant. [potion of beneficial mutation]
 32357 | WizLab   | Gained mutation: Your spells are a little harder to cast, but a little more powerful. [potion of beneficial mutation]
 32359 | WizLab   | Reached skill level 20 in Fighting
 32359 | WizLab   | Reached XP level 17. HP: 120/124 MP: 32/32
 32484 | Depths:1 | Found a gateway to Hell.
 32696 | Depths:1 | Paralysed by a wizard for 6 turns
 33278 | Lair:2   | Gained mutation: You passively map a small area around you. [potion of beneficial mutation]
 33422 | Shoals:1 | Entered Level 1 of the Shoals
 33480 | Shoals:1 | Noticed Asterion
 33482 | Shoals:1 | Noticed a spectral weapon
 33505 | Shoals:1 | Noticed Kirke
 33519 | Shoals:1 | Noticed a spectral weapon
 33519 | Shoals:1 | Reached skill level 21 in Fighting
 33563 | Shoals:1 | Reached XP level 18. HP: 16/132 MP: 3/33
 33998 | Shoals:1 | Killed Kirke
 34153 | Shoals:1 | Killed Asterion
 35338 | Shoals:2 | Reached skill level 22 in Fighting
 37087 | Shoals:3 | Found Riujav's Book Emporium.
 38536 | Shoals:4 | Found Crairch's Gadget Boutique.
 38725 | Shoals:4 | Reached skill level 15 in Maces & Flails
 39026 | Shoals:4 | Reached skill level 1 in Evocations
 39598 | Shoals:5 | Entered Level 5 of the Shoals
 39961 | Shoals:5 | Got a barnacled rune of Zot
 39990 | Shoals:5 | Reached XP level 19. HP: 104/140 MP: 25/34
 39996 | Shoals:5 | Noticed Ilsuiw
 40221 | Shoals:5 | Killed Ilsuiw
 41776 | Lair:2   | Identified a +5 rod of the swarm (13/13) (You found it on level 5 of the Shoals)
 42591 | Vaults:1 | Entered Level 1 of the Vaults
 43020 | Vaults:1 | Identified Sif Muna's Grimoire of Vitriolic Attacks
 43395 | Vaults:1 | Found Selleca's Antique Armour Boutique.
 43402 | Vaults:1 | Bought a pair of brightly glowing boots for 285 gold pieces
 43406 | Vaults:1 | Identified the +2 pair of boots "Ytsuf" {Int+3} (You bought it in a shop on level 1 of the Vaults)
 43427 | Vaults:1 | Paralysed by a great orb of eyes for 2 turns
 43439 | Vaults:1 | Paralysed by a sphinx for 3 turns
 43914 | Orc:2    | Bought a potion of beneficial mutation for 490 gold pieces
 43915 | Orc:2    | Lost mutation: Your spells are a little harder to cast, but a little more powerful. [potion of beneficial mutation]
 43945 | Elf:1    | Entered Level 1 of the Elven Halls
 43964 | Elf:1    | Noticed Urug
 43983 | Elf:1    | Killed Urug
 44110 | Elf:1    | Reached skill level 15 in Invocations
 45538 | Elf:2    | Got a shimmering scale mail
 45733 | Elf:2    | Identified the +5 scale mail "Feilyor" {rPois MR++ SInv} (You took it off a deep elf priest on level 2 of the Elven Halls)
 45761 | Elf:2    | Reached skill level 23 in Fighting
 46751 | Elf:3    | Entered Level 3 of the Elven Halls
 46751 | Elf:3    | Found Dioqall's Weapon Shop.
 46921 | Elf:3    | Noticed a Brimstone Fiend
 46984 | Elf:3    | Reached XP level 20. HP: 116/148 MP: 22/35
 48318 | Elf:3    | Got a smoking ivory ring
 48376 | Elf:3    | Got a vibrating tin ring
 49136 | Elf:3    | Identified Qeanax's Incunabulum of the World
 49193 | Elf:3    | Identified the Almanac of Ghastly Beguiling
 49198 | Elf:3    | Identified the Volume of Bewitchment and Unholy Rituals
 49201 | Elf:3    | Got a jewelled morningstar
 49214 | Elf:3    | Identified the cursed +2,+0 morningstar of Intimidation {venom, -Cast Dex+1 SInv} (You found it on level 3 of the Elven Halls)
 49238 | Elf:3    | Learned a level 2 spell: Blink
 49445 | Lair:2   | Identified the ring "Geff" {+Fly rPois rN+ MR+ Int+2} (You took it off a deep elf death mage on level 3 of the Elven Halls)
 49449 | Lair:2   | Identified the ring "Blaq" {AC+3 Slay+2} (You took it off a deep elf demonologist on level 3 of the Elven Halls)
 49680 | Spider:3 | Noticed Aizul
 49731 | Spider:2 | Killed Aizul
 50112 | Spider:3 | Reached skill level 15 in Shields
 50167 | Spider:3 | Noticed Agnes
 50174 | Spider:3 | Noticed Whismerhil's illusion
 50174 | Spider:3 | Cast into the Abyss (Agnes)
 50174 | Abyss:1  | Found a corrupted altar of Lugonu.
 50459 | Abyss:1  | HP: 4/133 [Hell Sentinel/blast of hellfire (36)]
 50467 | Abyss:1  | Killed from afar by a Hell Sentinel

Action                   |  1- 3 |  4- 6 |  7- 9 | 10-12 | 13-15 | 16-18 | 19-21 || total
-------------------------+-------+-------+-------+-------+-------+-------+-------++-------
Melee: Flail             |   122 |   244 |       |   558 |  2695 |  1464 |       ||  5083
       Mace              |       |    16 |   679 |   594 |       |       |       ||  1289
       Whip              |       |       |       |   213 |       |   778 |   658 ||  1649
       Unarmed           |       |       |       |       |       |     4 |       ||     4
       Morningstar       |       |       |       |       |       |       |  1183 ||  1183
Invok: Upheaval          |       |       |       |     1 |       |       |    14 ||    15
       Elemental Force   |       |       |       |       |       |     7 |     8 ||    15
       Disaster Area     |       |       |       |       |       |     1 |       ||     1
 Abil: Fly               |       |       |       |       |     1 |       |       ||     1
Evoke: Wand              |       |     2 |     8 |       |     8 |     5 |     2 ||    25
       Rod               |       |       |       |       |     1 |       |       ||     1
  Use: Scroll            |       |     1 |    10 |     9 |     9 |    14 |    12 ||    55
       Potion            |       |       |     1 |     3 |     1 |    24 |    11 ||    40
 Stab: Distracted        |       |       |       |       |       |     1 |     2 ||     3
       Fleeing           |       |       |       |       |       |     1 |       ||     1
